 Dungeon Crawl Stone Soup version 0.26-a0-257-g47e9e61525 (webtiles) character file.

Game seed: 11555908467209168266

9198 Conn the Thaumaturge (level 11, -16/58 HPs)
             Began as a Deep Elf Hedge Wizard on July 10, 2020.
             Was an Elder of Sif Muna.
             Hit by a javelin thrown by Urug (18 damage)
             ... on level 13 of the Dungeon.
             The game lasted 01:04:28 (14710 turns).

Conn the Thaumaturge (Deep Elf Hedge Wizard)       Turns: 14710, Time: 01:04:28

Health: -16/58     AC: 13    Str:  7    XL:     11   Next: 19%
Magic:  5/27       EV: 19    Int: 23    God:    Sif Muna [****..]
Gold:   722        SH:  5    Dex: 14    Spells: 15/30 levels left

rFire    . . .     SeeInvis .   O - +0 falchion (protect)
rCold    + . .     Faith    .   (no shield)
rNeg     . . .     Spirit   .   F - +0 robe {MR+}
rPois    +         Reflect  +   J - +0 helmet
rElec    .         Harm     .   N - +1 cloak
rCorr    .                      o - +0 pair of gloves
MR       ++...                  n - +2 pair of boots
Stlth    ++++......             y - amulet of reflection
HPRegen  0.19/turn              i - +4 ring of evasion
MPRegen  0.20/turn              u - +4 ring of protection

@: no status effects
A: cold resistance 1, poison resistance
a: Channel Magic, Forget Spell, Divine Exegesis, Renounce Religion


You were on level 13 of the Dungeon.
You worshipped Sif Muna.
Sif Muna was greatly pleased with you.
You were hungry.

You visited 2 branches of the dungeon, and saw 14 of its levels.

You collected 722 gold pieces.

Inventory:

Hand Weapons
 a - a +0 dagger
 A - a +2 flail of protection
 O - a +0 falchion of protection (weapon)
Missiles
 r - 35 poisoned darts (quivered)
 T - 7 atropa-tipped darts
Armour
 b - a +0 robe
 c - a +0 hat
 n - a +2 pair of boots (worn)
 o - a +0 pair of gloves (worn)
 E - a +2 kite shield
 F - a +0 robe of magic resistance (worn)
 J - a +0 helmet (worn)
 K - a +0 robe of positive energy
 N - a +1 cloak (worn)
Magical Staves
 B - an uncursed staff of earth
 R - an uncursed staff of energy
Jewellery
 i - a +4 ring of evasion (left hand)
 u - a +4 ring of protection (right hand)
 y - an amulet of reflection (around neck)
 M - an uncursed amulet of faith
 Q - an uncursed ring of ice
 S - an uncursed ring of protection from fire
Wands
 j - a wand of paralysis (9)
 z - a wand of flame (17)
 H - a wand of acid (2)
Scrolls
 d - 4 scrolls of random uselessness
 e - 2 scrolls of immolation
 g - 13 scrolls of identify
 h - a scroll of amnesia
 k - a scroll of fog
 m - 12 scrolls of remove curse
 p - 4 scrolls of teleportation
 q - a scroll of fear
 t - 2 scrolls of enchant weapon {unknown}
 w - 3 scrolls of magic mapping {unknown}
Potions
 s - a potion of brilliance
 v - 2 potions of flight
 C - a potion of degeneration
 P - a potion of ambrosia {unknown}
Comestibles
 f - 22 rations


   Skills:
 + Level 2.3 Fighting
 + Level 2.2(2.6) Short Blades
 + Level 1.6(2.2) Long Blades
 + Level 2.3 Maces & Flails
 + Level 0.6 Throwing
 + Level 5.7 Dodging
 + Level 8.0 Stealth
 + Level 1.2 Shields
 * Level 10.3 Spellcasting
 * Level 7.0 Conjurations
 + Level 2.9 Summonings
 + Level 4.4 Translocations
 - Level 4.6 Transmutations
 * Level 6.7 Fire Magic
 + Level 1.1 Air Magic
 + Level 5.9 Earth Magic
 + Level 2.6 Poison Magic
 + Level 0.7 Evocations


You had 15 spell levels left.
You knew the following spells:

 Your Spells              Type           Power        Failure   Level
a - Magic Dart            Conj           ####         1%          1
b - Blink                 Tloc           N/A          1%          2
c - Call Imp              Summ           ####....     2%          2
d - Conjure Flame         Conj/Fire      #####...     1%          3
e - Mephitic Cloud        Conj/Pois/Air  ####....     3%          3
f - Petrify               Tmut/Erth      #####...     6%          4

Your spell library contained the following spells:

 Spells                   Type           Power        Failure   Level
 Gell's Gravitas          Tloc           ####......   2%          3
 Slow                     Hex            ##......     9%          2
 Confusing Touch          Hex            ##......     17%         3
 Yara's Violent Unravell  Hex/Tmut       ###.......   50%         5
 Metabolic Englaciation   Hex/Ice        ##........   83%         5


Dungeon Overview and Level Annotations

Branches:
Dungeon (13/15)            Temple (1/1) D:4            Lair (0/6) D:8
    Orc: D:9-12      Vaults: D:13-14

Altars:
Ashenzari
Cheibriados
Dithmenos
Fedhas
Kikubaaqudgha
Ru
Sif Muna
Trog
Uskayaw
The Shining One

Annotations:
D:4 1 runed translucent door, Conn's ghost, amateur OpWz
D:13 Urug


Innate Abilities, Weirdness & Mutations

Your flesh is cold resistant. (rC+)
Your system is resistant to poisons. (rPois)


Message History

You catch the helpless centaur completely off-guard!
You hit the centaur.
You kill the centaur!
Sif Muna accepts your kill.
You can now call upon Sif Muna to cast any spell from your library.
A centaur comes into view.
The necrophage hits you but does no damage.
Things that are here:
a +0 shortbow; 21 arrows You recover from your berserk rage.
Urug throws a javelin.
The javelin pierces through you!
* * * LOW HITPOINT WARNING * * *
You see here a javelin.
Press: ? - help, v - describe, . - travel
Here: Urug, wielding a +0 vorpal long sword, wearing a +0 scale mail and quivering a javelin The floor.
Unknown command.
Unknown command.
Urug throws a javelin.
The javelin pierces through you!!
You die...

#.# #.. #.# #.. #.# #..
#.##### .#.. #.....#
#.#.. #a###.# . #(. #
#n# #.# #.###..
#..##.##(###.#####.#.#..
.......@......o.....>...
#.#.#....##..###.#...#..
#.#####..# #.#...... ...
#).# #.#....#. #..
#..###.#.#.(## #..
#...........o. #.
#...../####### #.
............n.n
##......#######


You could see Urug, a necrophage and a worker ant.

Vanquished Creatures
  A centaur warrior (D:9)
  A two-headed ogre (D:13)
  An unseen horror (D:10)
  A gargoyle (D:8)
  2 trolls
  A hornet (D:9)
  5 hippogriffs
  A spriggan (D:8)
  A wraith (D:10)
  4 yaks (D:9)
  Edmund (D:4)
  A water moccasin (D:7)
  3 orc warriors
  2 sky beasts
  2 black bears
  3 phantoms
  2 ogres (D:9)
  An ogre (shapeshifter) (D:13)
  3 centaurs
  A big kobold (D:9)
  Blork the orc (D:6)
  9 bullfrogs
  15 killer bees
  4 howler monkeys
  2 wights
  A bullfrog zombie (D:9)
  A centaur zombie (D:9)
  2 quasits (D:10)
  3 hounds
  2 jellies
  2 bullfrog skeletons
  5 orc priests
  Jessica (D:2)
  An iguana (D:6)
  3 worker ants
  7 orc wizards
  2 hound skeletons
  A howler monkey zombie (D:11)
  A worker ant zombie (D:10)
  9 adders
  15 gnolls
  A howler monkey skeleton (D:6)
  An ufetubus (D:7)
  2 oozes
  4 worms
  A dart slug (D:1)
  6 leopard geckos
  25 orcs
  8 bats
  2 giant cockroaches (D:1)
  4 goblins
  6 hobgoblins
  16 jackals
  9 kobolds
  6 quokkas
  2 ball pythons
  8 frilled lizards
  A jackal skeleton (D:4)
  A leopard gecko skeleton (D:4)
  A leopard gecko zombie (D:5)
  A quokka skeleton (D:8)
  5 rats
234 creatures vanquished.

Vanquished Creatures (collateral kills)
  A centaur warrior (D:13)
  A tengu conjurer (D:13)
  Sigmund (D:2)
  A bullfrog (D:7)
  A scorpion (D:4)
  2 killer bees (D:7)
  2 iguanas
  A worker ant (D:4)
  3 gnolls
  3 adders
  A leopard gecko (D:2)
  2 orcs (D:3)
  A hobgoblin (D:3)
  A frilled lizard (D:3)
  A kobold (D:9)
22 creatures vanquished.

Vanquished Creatures (others)
  A centaur (D:13)
  An electric eel (D:11)
2 creatures vanquished.

Grand Total: 258 creatures vanquished

Notes
Turn   | Place    | Note
-------+----------+-------------------------------------------
     0 | D:1      | Conn the Deep Elf Hedge Wizard began the quest for the Orb.
     0 | D:1      | Reached XP level 1. HP: 10/10 MP: 7/7
   712 | D:1      | Reached XP level 2. HP: 15/15 MP: 7/9
   718 | D:1      | Reached skill level 5 in Spellcasting
  1347 | D:2      | Reached XP level 3. HP: 19/19 MP: 3/11
  1393 | D:2      | Noticed Sigmund
  1460 | D:1      | Learned a level 2 spell: Blink
  1463 | D:1      | Learned a level 2 spell: Call Imp
  1467 | D:1      | Learned a level 3 spell: Conjure Flame
  1471 | D:1      | Learned a level 3 spell: Mephitic Cloud
  2222 | D:2      | Noticed Jessica
  2505 | D:2      | Killed Sigmund
  2505 | D:2      | Reached XP level 4. HP: 20/24 MP: 6/13
  2505 | D:2      | Reached XP level 5. HP: 23/28 MP: 6/15
  2533 | D:2      | Reached skill level 1 in Fire Magic
  2755 | D:2      | Killed Jessica
  3783 | D:3      | Reached XP level 6. HP: 22/32 MP: 0/16
  4508 | D:4      | Found a runed translucent door.
  4521 | D:4      | Noticed Conn's ghost (amateur OpWz)
  4663 | D:4      | Reached skill level 6 in Spellcasting
  4870 | D:4      | Reached XP level 7. HP: 36/36 MP: 0/18
  4980 | D:4      | Found a blossoming altar of Fedhas.
  5045 | D:4      | Reached skill level 1 in Short Blades
  5107 | D:4      | Noticed Edmund
  5157 | D:4      | Killed Edmund
  5357 | D:4      | Learned a level 4 spell: Petrify
  5542 | D:4      | Found a faded altar of an unknown god.
  5544 | D:4      | Found a staircase to the Ecumenical Temple.
  5551 | Temple   | Entered the Ecumenical Temple
  5564 | Temple   | Became a worshipper of Sif Muna the Loreminder
  5648 | D:5      | Entered Level 5 of the Dungeon
  5703 | D:5      | Found a shadowy altar of Dithmenos.
  5795 | D:5      | Reached skill level 1 in Transmutations
  6400 | D:6      | Reached skill level 7 in Spellcasting
  6400 | D:6      | Reached skill level 1 in Earth Magic
  6429 | D:6      | Reached XP level 8. HP: 38/41 MP: 12/20
  6998 | D:6      | Reached skill level 1 in Maces & Flails
  7024 | D:6      | Noticed Blork the orc
  7144 | D:6      | Killed Blork the orc
  7353 | D:6      | Reached * piety under Sif Muna
  7557 | D:6      | Reached skill level 1 in Fighting
  8012 | D:7      | Noticed a hippogriff
  8027 | D:7      | Killed a hippogriff
  8027 | D:7      | Reached XP level 9. HP: 47/47 MP: 12/22
  8392 | D:7      | Reached skill level 8 in Spellcasting
  8740 | D:7      | Reached skill level 1 in Poison Magic
  8780 | D:7      | Reached ** piety under Sif Muna
  8785 | D:7      | Reached skill level 5 in Conjurations
  9101 | D:7      | Found a shadowy altar of Dithmenos.
  9508 | D:8      | Found a staircase to the Lair.
  9550 | D:8      | Reached skill level 5 in Stealth
  9550 | D:8      | Reached skill level 5 in Fire Magic
  9779 | D:8      | Noticed a gargoyle
  9797 | D:8      | Killed a gargoyle
 10277 | D:8      | Reached XP level 10. HP: 50/53 MP: 18/24
 10487 | D:9      | Reached skill level 5 in Dodging
 10585 | D:9      | Paralysed by a hornet for 1 turns
 11078 | D:9      | Noticed a centaur warrior
 11156 | D:9      | Killed a centaur warrior
 11156 | D:9      | Reached skill level 1 in Long Blades
 11156 | D:9      | Reached skill level 1 in Shields
 11156 | D:9      | Reached skill level 9 in Spellcasting
 11337 | D:9      | Found a glowing golden altar of the Shining One.
 11348 | D:9      | Found a snail-covered altar of Cheibriados.
 11475 | D:9      | Found a bloodstained altar of Trog.
 11486 | D:9      | Found a shattered altar of Ashenzari.
 11541 | D:9      | Reached *** piety under Sif Muna
 11544 | D:9      | Reached skill level 5 in Earth Magic
 12234 | D:10     | Entered Level 10 of the Dungeon
 12803 | D:10     | Killed an unseen horror
 12803 | D:10     | Reached skill level 1 in Air Magic
 13552 | D:10     | You fall into a shaft and drop 1 floor!
 13586 | D:11     | HP: 2/53 [troll (15)]
 14092 | D:12     | Reached skill level 10 in Spellcasting
 14092 | D:12     | Reached XP level 11. HP: 39/57 MP: 4/27
 14358 | D:13     | Noticed a two-headed ogre
 14391 | D:13     | Killed a two-headed ogre
 14555 | D:13     | Noticed Urug
 14564 | D:13     | Noticed a centaur warrior
 14659 | D:13     | Killed a centaur warrior
 14695 | D:13     | Gained mutation: Your flesh is cold resistant. (rC+)
                  | [potion of mutation]
 14695 | D:13     | Gained mutation: Your system is resistant to poisons.
                  | (rPois) [potion of mutation]
 14706 | D:13     | Reached **** piety under Sif Muna
 14709 | D:13     | HP: 2/58 [Urug/javelin (9)]
 14710 | D:13     | Hit by a javelin thrown by Urug

Illustrated notes

Levels and vault maps discovered:
D:1:      matt_arrival_spirals, layout_basic
D:2:      layout_basic, first_ration, chequers_serial_rivers_micro_e,
          uniq_sigmund, uniq_jessica
D:3:      layout_loops_cross, minmay_misc_feat_nine_boxes
D:4:      layout_rooms, overflow_temple_1_default,
          nicolae_temple_entry_ecumenical, ebering_ghost_sewer_d,
          minmay_misc_feat_room, uniq_edmund
D:5:      layout_rooms, basic_altar
D:6:      layout_basic, sword_in_stone
D:7:      layout_basic, nicolae_dithmenos_shadow_blocks,
          nicolae_ossuary_entry_ruins
D:8:      layout_rooms, lair_entry_dummy, the_bakery
D:9:      layout_long_grid, nicolae_overflow_quartered_altars, serial_rivers,
          chequers_serial_rivers_room_b, chequers_serial_rivers_micro_e,
          chequers_serial_rivers_large_b, chequers_serial_rivers_room_b
D:10:     layout_loops_ring
D:11:     layout_loops_ring, enter_bailey_7, minmay_crystal_water,
          minmay_misc_feat_secret_circle, minmay_radiant
D:12:     layout_irregular_city, erik_orc_4, uniq_nessos
D:13:     layout_basic, tgw_lugonu_bribe, uniq_rupert, uniq_sonja, uniq_urug
Temple:   regret_index_temple_sphere_string

Skill      XL: |  1  2  3  4  5  6  7  8  9 10 11 |
---------------+----------------------------------+-----
Spellcasting   | 5 6 7 8 10 | 10.3
Conjurations   | 2 3 4 5 6 7 |  7.0
Dodging        | 3 4 5 |  5.7
Translocations | 2 3 4 |  4.4
Fire Magic     | 1 2 3 4 5 6 |  6.7
Stealth        | 3 4 5 7 8 |  8.0
Summonings     | 2 |  2.9
Short Blades   | 1 2 |  2.2
Transmutations | 1 3 4 |  4.6
Earth Magic    | 1 3 4 5 |  5.9
Maces & Flails | 1 2 |  2.3
Fighting       | 1 2 |  2.3
Poison Magic   | 2 |  2.6
Long Blades    | 1 |  1.6
Shields        | 1 |  1.2
Air Magic      | 1 |  1.1
Throwing       | |  0.6
Evocations     | |  0.7

Action                   |  1- 3 |  4- 6 |  7- 9 | 10-12 || total
-------------------------+-------+-------+-------+-------++-------
Melee: Dagger            |    37 |    68 |   120 |   316 ||   541
       Flail             |       |       |   287 |       ||   287
       Falchion          |       |       |       |    76 ||    76
Throw: Dart              |       |       |    13 |    10 ||    23
 Cast: Magic Dart        |    84 |   136 |   174 |   171 ||   565
       Call Imp          |    12 |    11 |     7 |     6 ||    36
       Mephitic Cloud    |       |     3 |    29 |    45 ||    77
       Blink             |       |     1 |    14 |    19 ||    34
       Conjure Flame     |       |       |     4 |     2 ||     6
       Petrify           |       |       |       |    19 ||    19
Evoke: Wand              |       |       |    20 |     5 ||    25
       Box of beasts     |       |       |       |     3 ||     3
  Use: Potion            |     4 |       |     2 |     6 ||    12
       Scroll            |     2 |       |       |    11 ||    13
 Stab: Sleeping          |     2 |     2 |     4 |     8 ||    16
       Confused          |       |     1 |    19 |    17 ||    37
       Invisible         |       |       |     2 |       ||     2
       Distracted        |       |       |     1 |       ||     1
       Petrified         |       |       |       |    22 ||    22
       Petrifying        |       |       |       |     1 ||     1
  Eat: Ration            |     2 |     2 |     5 |     3 ||    12
Armor: Robe              |    10 |    26 |   114 |   120 ||   270
Dodge: Dodged            |    99 |    93 |   443 |   329 ||   964
Block: Other             |       |       |   114 |   106 ||   220
       Reflection        |       |       |       |     2 ||     2
       Rpst.: Falchion   |       |       |       |    14 ||    14

Table legend:
 A = Non-vault XP
 B = Vault XP
 C = Vault XP percentage of total XP
 D = Non-vault monster count
 E = Vault monster count
 F = Vault count percentage of total count
                 A         B        C        D         E       F
            +---------+---------+-------+---------+---------+-------
      Total |   12299 |     842 |   6.4 |     248 |      10 |   3.9
            +---------+---------+-------+---------+---------+-------
        D:1 |      34 |       0 |   0.0 |      18 |       0 |   0.0
        D:2 |     135 |     151 |  52.8 |      28 |       2 |   6.7
        D:3 |     136 |       0 |   0.0 |      31 |       0 |   0.0
        D:4 |     391 |     126 |  24.4 |      15 |       1 |   6.2
        D:5 |     232 |      57 |  19.7 |      11 |       1 |   8.3
        D:6 |     915 |     291 |  24.1 |      19 |       3 |  13.6
        D:7 |    1790 |       0 |   0.0 |      33 |       0 |   0.0
        D:8 |    1234 |     211 |  14.6 |      19 |       1 |   5.0
        D:9 |    3239 |       0 |   0.0 |      26 |       0 |   0.0
       D:10 |    1585 |       0 |   0.0 |      31 |       0 |   0.0
       D:11 |      39 |       0 |   0.0 |       2 |       0 |   0.0
       D:12 |     491 |       6 |   1.2 |       5 |       2 |  28.6
       D:13 |    2078 |       0 |   0.0 |      10 |       0 |   0.0
            +---------+---------+-------+---------+---------+-------
